 Dungeon Crawl Stone Soup version 0.24-a0-7-g1bb0902 (webtiles) character file.

Game seed: 17733341370141543197

67 Mgcat the Skirmisher (level 4, -4/42 HPs)
             Began as a Naga Fighter on Jan 30, 2019.
             Slain by Edmund
             ... wielding a +1 dire flail of protection
              (14 damage)
             ... on level 4 of the Dungeon.
             The game lasted 00:02:58 (1061 turns).

Mgcat the Skirmisher (Naga Fighter)                 Turns: 1061, Time: 00:02:59

Health: -4/42      AC:  5    Str: 17    XL:     4   Next: 16%
Magic:  4/4        EV:  5    Int:  9    God:
Gold:   61         SH:  8    Dex: 10    Spells: 3/3 levels left

rFire    . . .     SeeInvis +   a - +0 war axe
rCold    . . .     Gourm    .   c - +0 shield
rNeg     . . .     Faith    .   b - +0 scale mail
rPois    +         Spirit   .   (no helmet)
rElec    .         Reflect  .   (no cloak)
rCorr    .         Harm     .   (no gloves)
MR       .....                  (no barding)
Stlth    ..........             (no amulet)
HPRegen  0.14/turn              (no ring)
MPRegen  0.09/turn              (no ring)

@: short of breath, very slow
A: large, see invisible, deformed body, poison resistance, slowness 2, slow
metabolism 1, spit poison 2, weak 1, AC +1
a: Breathe Poison Gas


You were on level 4 of the Dungeon.
You were hungry.

You visited 1 branch of the dungeon, and saw 4 of its levels.

You collected 61 gold pieces.

Inventory:

Hand Weapons
 a - a +0 war axe (weapon)
Armour
 b - a +0 scale mail (worn)
 c - a +0 shield (worn)
Potions
 i - 2 potions of mutation {!q}
Comestibles
 f - a ration


   Skills:
 + Level 3.5 Fighting
 + Level 2.7 Axes
 + Level 2.9 Armour
 + Level 2.9 Shields


You had 3 spell levels left.
You didn't know any spells.
Your spell library was empty.

Dungeon Overview and Level Annotations

Branches:
Dungeon (4/15)
 Temple: D:4-7

Altars:

Shops:
D:4 ?

Annotations:
D:3 Eustachio
D:4 Edmund


Innate Abilities, Weirdness & Mutations

You cannot wear boots.
Your serpentine skin is tough. (AC +1)
You have supernaturally acute eyesight. (SInv)
Armour fits poorly on your strangely shaped body.
Your system is resistant to poisons. (rPois)
You cover ground very slowly.
You have a slow metabolism.
You can exhale a cloud of poison.
You are weak. (Str -2)


Message History

You regained 27 hp, and now have 35/42 hp.
You start resting.
HP restored.
Health restored: 42
i - 3 potions of mutation {!q} (gained 1)
An adder skeleton comes into view.
You completely miss the adder skeleton.
The adder skeleton bites you but does no damage.
You hit the adder skeleton.
The adder skeleton is moderately damaged.
The adder skeleton closely misses you. You block the adder skeleton's attack.
You closely miss the adder skeleton.
The adder skeleton is moderately damaged.
The adder skeleton bites you but does no damage.
You slash the adder skeleton!
You destroy the adder skeleton!
No target in view!
No target in view!
You now have 61 gold pieces (gained 19).
Marking area around Edmund as unsafe for travelling.
Edmund the Younger comes into view.
He is wielding a +1 dire flail of protection and wearing a +2 ring mail of magic resistance.
Edmund shouts!
Unknown command.
Unknown command.
Unknown command.
Unknown command.
Press: ? - help, Shift-Dir - straight line, f - Edmund
Aim: Edmund, wielding a +1 dire flail of protection and wearing a +2 ring mail of magic resistance The splash of poison hits Edmund.
Edmund is poisoned.
Edmund is lightly wounded.
You feel slightly more hungry.
You have got your breath back.
Unknown command.
Press: ? - help, Shift-Dir - straight line, f/p - Edmund
Aim: Edmund, wielding a +1 dire flail of protection and wearing a +2 ring mail of magic resistance (lightly wounded, poisoned)
The splash of poison hits Edmund.
Edmund looks even sicker.
Edmund is lightly wounded.
You feel slightly more hungry.
Really quaff
i - 3 potions of mutation {!q}?
You feel extremely strange.
You feel weaker.
There is a nasty taste in your mouth for a moment.
Unknown command.
Unknown command.
Okay, then.
Unknown command.
Unknown command.
You closely miss Edmund.
Edmund is lightly wounded.
Edmund clears his throat.
Edmund hits you with a +1 dire flail of protection.
You take 4 damage, and have 38/42 hp.
Unknown command.
Unknown command.
Unknown command.
You hit Edmund but do no damage.
Edmund is lightly wounded.
You have got your breath back.
You are feeling hungry.
Edmund hits you with a +1 dire flail of protection!
You take 8 damage, and have 30/42 hp.
Unknown command.
You barely miss Edmund.
Edmund is lightly wounded.
You block Edmund's attack. Edmund barely misses you.
Unknown command.
Unknown command.
You hit Edmund but do no damage.
Edmund is lightly wounded.
Edmund hits you with a +1 dire flail of protection.
You take 4 damage, and have 26/42 hp.
Unknown command.
Unknown command.
You hit Edmund.
Edmund is moderately wounded.
You block Edmund's attack.
Unknown command.
Unknown command.
Unknown command.
You hit Edmund.
Edmund is moderately wounded.
Edmund hits you with a +1 dire flail of protection.
Edmund hits you with a +1 dire flail of protection!
You take 13 damage, and have 14/42 hp.
MASSIVE DAMAGE!!
Unknown command.
Press: ? - help, Shift-Dir - straight line, f/p - Edmund
Aim: Edmund, wielding a +1 dire flail of protection and wearing a +2 ring mail of magic resistance (moderately wounded, poisoned)
You exhale a blast of poison gas.
The poison gas hits Edmund.
Edmund looks even sicker.
Edmund is heavily wounded.
You feel somewhat more hungry.
Edmund is engulfed in poison gas.
Edmund looks even sicker.
Edmund hits you with a +1 dire flail of protection.
* * * LOW HITPOINT WARNING * * *
You take 4 damage, and have 10/42 hp.
You closely miss Edmund.
Edmund is heavily wounded.
Edmund is engulfed in poison gas.
Edmund looks as sick as possible!
Edmund hits you with a +1 dire flail of protection!
You die...

### **,,.....**
*#....,* ..##
**,....**
*#.....,** ...##
*#..#**
*#.....(,,*
....###..#*
##○......,,*
........#*
##☼.......,,*
.......##
##○........,,*
....##.##
##○.##......,,*
....##..#
##@.##*#.....,**
...###..#####
##@.## *#....**
...#
##.#...###..##
*####* ...#
#.........##
.### ########.##
## ###


You could see Edmund.

Vanquished Creatures
  A worker ant (D:4)
  3 adders (D:3)
  An adder skeleton (D:4)
  A dart slug (D:1)
  A bat (D:3)
  2 jackals (D:3)
  A frilled lizard (D:2)
  2 kobolds (D:3)
  3 rats
15 creatures vanquished.

Notes
Turn   | Place    | Note
-------+----------+-------------------------------------------
     0 | D:1      | Mgcat the Naga Fighter began the quest for the Orb.
     0 | D:1      | Reached XP level 1. HP: 21/21 MP: 1/1
   126 | D:3      | Reached XP level 2. HP: 26/28 MP: 2/2
   256 | D:3      | Reached XP level 3. HP: 15/34 MP: 3/3
   702 | D:4      | HP: 8/34 [worker ant (4)]
   703 | D:4      | Reached XP level 4. HP: 10/42 MP: 4/4
   708 | D:4      | HP: 9/42 [poisoned by a worker ant]
   714 | D:4      | HP: 8/42 [poisoned by a worker ant]
   715 | D:4      | Noticed Eustachio
   725 | D:4      | HP: 9/42 [quasit[Eustachio] (1)]
   729 | D:3      | HP: 4/42 [Eustachio/+0 rapier (5)]
   751 | D:4      | Found Doitarau's Magic Scroll Boutique.
  1046 | D:4      | Noticed Edmund
  1053 | D:4      | Gained mutation: You are weak. (Str -2) [potion of
                  | mutation]
  1053 | D:4      | Gained mutation: You can exhale a cloud of poison. [potion
                  | of mutation]
  1060 | D:4      | HP: 10/42 [Edmund/+1 dire flail of protection (4)]
  1061 | D:4      | Slain by Edmund

Vault maps used:
D:1:      lemuel_arrival_broad_hall, serial_bayou, serial_bayou_ford_a,
          serial_bayou_pond_b, serial_bayou_pond_a, serial_bayou_pond_c
D:2:      grunt_ministairs_2, hangedman_decor_growths, minmay_door_square
D:3:      minmay_door_path, tgw_xom
D:4:      grunt_temple_overflow_opulence, serial_shops, nicolae_shop_stone,
          first_ration, uniq_grinder, uniq_edmund, uniq_eustachio

Action                   |  1- 3 |  4- 6 || total
-------------------------+-------+-------++-------
Melee: War axe           |    58 |    15 ||    73
 Abil: Spit Poison       |    11 |     2 ||    13
       Breathe Poison Ga |       |     1 ||     1
  Use: Scroll            |     2 |       ||     2
       Potion            |     1 |     1 ||     2
Armor: Scale mail        |    26 |     6 ||    32
Dodge: Dodged            |    15 |     3 ||    18
Block: Shield            |    40 |     3 ||    43

Table legend:
 A = Non-vault XP
 B = Vault XP
 C = Vault XP percentage of total XP
 D = Non-vault monster count
 E = Vault monster count
 F = Vault count percentage of total count
                 A         B        C        D         E       F
            +---------+---------+-------+---------+---------+-------
      Total |      96 |       0 |   0.0 |      15 |       0 |   0.0
            +---------+---------+-------+---------+---------+-------
        D:1 |       4 |       0 |   0.0 |       1 |       0 |   0.0
        D:2 |       3 |       0 |   0.0 |       3 |       0 |   0.0
        D:3 |      50 |       0 |   0.0 |       9 |       0 |   0.0
        D:4 |      39 |       0 |   0.0 |       2 |       0 |   0.0
            +---------+---------+-------+---------+---------+-------

Vault maps used:
D:1:      lemuel_arrival_broad_hall, serial_bayou, serial_bayou_ford_a,
          serial_bayou_pond_b, serial_bayou_pond_a, serial_bayou_pond_c
D:2:      grunt_ministairs_2, hangedman_decor_growths, minmay_door_square
D:3:      minmay_door_path, tgw_xom
D:4:      grunt_temple_overflow_opulence, serial_shops, nicolae_shop_stone,
          first_ration, uniq_grinder, uniq_edmund, uniq_eustachio

Table legend:
 A = Turns spent in this place as a percentage of turns spent in the entire game.
 B = Non-inter-level travel turns spent in this place as a percentage of non-inter-level travel turns spent in the entire game.
 C = Inter-level travel turns spent in this place as a percentage of turns spent in this place.
 D = Turns resting spent in this place as a percentage of non-inter-level travel turns spent in this place.
 E = Turns spent auto-exploring this place as a percentage of non-inter-level travel turns spent in this place.
 F = Non-inter-level travel turns spent in this place divided by the number of levels of this place that you've seen.
                   A       B       C       D       E      F
               +-------+-------+-------+-------+-------+----------------------
         Total | 100.0 | 100.0 |   2.1 |  57.9 |  18.3 | 259.8
       Dungeon | 100.0 | 100.0 |   2.1 |  57.9 |  18.3 | 259.8
               +-------+-------+-------+-------+-------+----------------------

Table legend:
 A = Kills in this place as a percentage of kills in entire the game.
 B = Kills by you in this place as a percentage of kills by you in the entire game.
 C = Kills by friends in this place as a percentage of kills by friends in the entire game.
 D = Other kills in this place as a percentage of other kills in the entire game.
 E = Experience gained in this place as a percentage of experience gained in the entire game.
 F = Experience gained in this place divided by the number of levels of this place that you have seen.
                   A       B       C       D       E      F
               +-------+-------+-------+-------+-------+----------------------
         Total | 100.0 | 100.0 |   N/A |   N/A | 100.0 |  24.0
       Dungeon | 100.0 | 100.0 |   N/A |   N/A | 100.0 |  24.0
               +-------+-------+-------+-------+-------+----------------------
